 Dungeon Crawl Stone Soup version 0.27-a0-498-g7ecbb0a48f (webtiles) character file.

Game seed: 16696420568406562339

1126 edwardauron the Skirmisher (level 7, -9/60 HPs)
             Began as a Demigod Fighter on Mar 2, 2021.
             Mangled by an ogre
             ... wielding a +0 giant club
              (20 damage)
             ... on level 5 of the Dungeon.
             The game lasted 00:15:32 (4942 turns).

edwardauron the Skirmisher (Demigod Fighter)        Turns: 4942, Time: 00:15:33

Health: -9/60      AC: 12    Str: 25    XL:     7   Next: 89%
Magic:  9/9        EV:  7    Int: 10    God:
Gold:   253        SH: 11    Dex: 19    Spells: 6/6 levels left

rFire    . . .     SeeInvis .   a - +1 war axe
rCold    . . .     Faith    .   c - +0 kite shield
rNeg     . . .     Spirit   .   v - +0 plate armour
rPois    .         Reflect  .   (no helmet)
rElec    .         Harm     .   (no cloak)
rCorr    +         Rampage  .   (no gloves)
Will     .....                  (no boots)
Stlth    ..........             (no amulet)
HPRegen  0.20/turn              j - ring of resist corrosion
MPRegen  0.11/turn              u - +6 ring of dexterity

@: no status effects
A: high mp 1
a: no special abilities


You were on level 5 of the Dungeon.
You visited 1 branch of the dungeon, and saw 5 of its levels.
You also visited: Sewer.

You collected 253 gold pieces.

Inventory:

Hand Weapons
 a - a +1 war axe (weapon)
 b - a +6 flail of protection
Armour
 c - a +0 kite shield (worn)
 v - a +0 plate armour (worn)
Jewellery
 j - a ring of resist corrosion (left hand)
 u - a +6 ring of dexterity (right hand)
Wands
 s - a wand of acid (13)
 w - a wand of random effects (28)
Scrolls
 d - a scroll of enchant weapon
 e - a scroll of random uselessness
 f - a scroll of fear {unknown}
 h - a scroll of vulnerability {unknown}
 k - 3 scrolls of teleportation {unknown}
 m - 2 scrolls of amnesia {unknown}
 o - 2 scrolls of fog
Potions
 g - a potion of brilliance
 i - a potion of haste
 l - a potion of cancellation
 n - 4 potions of curing
 p - 3 potions of berserk rage
 q - a potion of heal wounds
 r - a potion of invisibility
 t - a potion of resistance {unknown}


   Skills:
 + Level 4.8 Fighting
 + Level 4.2 Axes
 + Level 4.8 Armour
 + Level 3.5 Dodging
 + Level 4.6 Shields


You had 6 spell levels left.
You didn't know any spells.
Your spell library was empty.

Dungeon Overview and Level Annotations

Branches:
Dungeon (5/15)              Sewer (visited)
 Temple: D:4-7


Innate Abilities, Weirdness & Mutations

You have an increased reservoir of magic. (+10% MP)


Message History

You are too injured to fight recklessly!
You are too injured to fight recklessly!
You are too injured to fight recklessly!
You are too injured to fight recklessly!
You are too injured to fight recklessly!
You are too injured to fight recklessly!
You are too injured to fight recklessly!
You are too injured to fight recklessly!
You are too injured to fight recklessly!
You are too injured to fight recklessly!
You are too injured to fight recklessly!
You are too injured to fight recklessly!
You are too injured to fight recklessly!
You are too injured to fight recklessly!
You are too injured to fight recklessly!
You are too injured to fight recklessly!
You are too injured to fight recklessly!
You are too injured to fight recklessly!
You are too injured to fight recklessly!
You are too injured to fight recklessly!
You are too injured to fight recklessly!
You are too injured to fight recklessly!
You are too injured to fight recklessly!
You are too injured to fight recklessly!
You are too injured to fight recklessly!
You are too injured to fight recklessly!
You hit the ogre.
The ogre is almost dead.
You block the ogre's attack.
Your plate armour prevents you from hitting the ogre.
The ogre is almost dead.
You block the ogre's attack.
You barely miss the ogre.
The ogre is almost dead.
The ogre hits you with a +0 giant club!!
* * * LOW HITPOINT WARNING * * *
Your shield and plate armour prevent you from hitting the ogre.
The ogre is almost dead.
The ogre hits you with a +0 giant club!!
You die...

######### #.......#
####### #.#####.#
#.O@..###.#####.####
#...##...............
#... #####.#####.####
..... #.#####.####
#..... #......<...#
#..... ######.....#
###... #######......
#... #............
#..........##


You could see an ogre.

Vanquished Creatures
  Grinder (D:4)
  Edmund (D:5)
  Duvessa (D:5)
  Purgy (Sewer)
  2 sky beasts (D:5)
  A centaur (D:5)
  Dowan (D:5)
  A hound (D:4)
  2 centaur skeletons
  A bullfrog skeleton (D:5)
  Ijyb (D:5)
  Terence (D:3)
  A worker ant (D:4)
  A hound zombie (D:5)
  Robin (D:2)
  2 adders (D:2)
  A white imp (D:4)
  An ooze (D:1)
  An adder skeleton (D:4)
  A worm (D:2)
  A dart slug (D:4)
  3 leopard geckos
  2 orcs (D:4)
  8 giant cockroaches
  14 goblins
  2 hobgoblins
  4 jackals (D:5)
  A quokka (D:5)
  A ball python (D:2)
  8 bats
  4 frilled lizards
  7 kobolds
  5 rats
83 creatures vanquished.

Notes
Turn   | Place    | Note
-------+----------+-------------------------------------------
     0 | D:1      | edwardauron the Demigod Fighter began the quest for the
                  | Orb.
     0 | D:1      | Reached XP level 1. HP: 18/18 MP: 3/3
   387 | D:1      | Reached XP level 2. HP: 21/25 MP: 4/4
  1375 | D:2      | Noticed Robin
  1382 | D:2      | Reached XP level 3. HP: 27/31 MP: 5/5
  1391 | D:2      | Killed Robin
  2058 | D:2      | Reached skill level 1 in Dodging
  2183 | D:2      | Found a shimmering altar of Xom.
  2183 | D:2      | Found an opulent altar of Gozag.
  2183 | D:2      | Found a bloodstained altar of Trog.
  2212 | D:2      | Found a hide-covered altar of Uskayaw.
  2218 | D:2      | Found a shadowy altar of Dithmenos.
  2623 | D:3      | Found a glowing drain.
  2632 | D:3      | Reached XP level 4. HP: 38/38 MP: 6/6
  2643 | Sewer    | Entered a sewer
  2669 | Sewer    | Noticed Purgy
  2685 | Sewer    | Killed Purgy
  2686 | Sewer    | Reached XP level 5. HP: 30/45 MP: 7/7
  2963 | D:3      | Noticed Terence
  2972 | D:3      | Killed Terence
  3066 | D:3      | Found a shimmering blue altar of Sif Muna.
  3181 | D:3      | Found a basalt altar of Yredelemnul.
  3212 | D:3      | Found a glowing golden altar of the Shining One.
  3214 | D:3      | Noticed an angel
  3702 | D:4      | Noticed Grinder
  3711 | D:4      | Paralysed by Grinder for 5 turns
  3717 | D:4      | Killed Grinder
  3718 | D:4      | Reached XP level 6. HP: 23/52 MP: 8/8
  4221 | D:5      | Entered Level 5 of the Dungeon
  4238 | D:5      | Noticed Edmund
  4250 | D:5      | Killed Edmund
  4251 | D:5      | Reached XP level 7. HP: 41/59 MP: 9/9
  4364 | D:5      | Noticed Duvessa
  4365 | D:5      | Noticed Dowan
  4409 | D:5      | Killed Duvessa
  4438 | D:5      | Killed Dowan
  4741 | D:5      | Noticed Ijyb
  4757 | D:5      | Killed Ijyb
  4942 | D:5      | Mangled by an ogre

Illustrated notes

Levels and vault maps discovered:
D:1:      ncdulo_smallfort, layout_basic
D:2:      layout_loops_ring, minmay_overflow_temple_star_hex, uniq_robin
D:3:      layout_loops_cross, grunt_temple_overflow_holy_war,
          nicolae_overflow_crystal_walls, gup_sewer_entry_pipe, uniq_terence
D:4:      layout_rooms, uniq_grinder
D:5:      layout_loops_cross, minmay_parallelograms, trog_wizard, uniq_edmund,
          uniq_duvessa, uniq_ijyb

Skill      XL: |  1  2  3  4  5  6  7 |
---------------+----------------------+-----
Axes           | 2 3 4 |  4.2
Armour         | 3 4 |  4.8
Fighting       | 3 4 |  4.8
Shields        | 3 4 |  4.6
Dodging        | 1 2 3 |  3.5

Action                   |  1- 3 |  4- 6 |  7- 9 || total
-------------------------+-------+-------+-------++-------
Melee: War axe           |   137 |    87 |    34 ||   258
       Flail             |       |       |    59 ||    59
  Use: Scroll            |     6 |     3 |     1 ||    10
       Potion            |       |     4 |       ||     4
Armor: Scale mail        |    84 |    36 |       ||   120
       Skin              |       |     4 |       ||     4
       Plate armour      |       |     7 |    70 ||    77
Dodge: Dodged            |    49 |    30 |    31 ||   110
Block: Kite shield       |    77 |    60 |    75 ||   212

Table legend: (Time is in decaauts)
 A = Elapsed time spent in this place.
 B = Non-inter-level travel time spent in this place.
 C = Inter-level travel time spent in this place.
 D = Time resting spent in this place.
 E = Time spent auto-exploring this place.
 F = Levels seen in this place.
 G = Mean time per level.
                   A        B        C        D        E       F      G
               +--------+--------+--------+--------+--------+-----+--------+
         Total |   5136 |   5069 |     67 |   1199 |   2984 |   6 |  856.0 |
       Dungeon |   4870 |   4803 |     67 |   1032 |   2950 |   5 |  974.0 |
         Sewer |    266 |    266 |      0 |    167 |     34 |   1 |  266.0 |
               +--------+--------+--------+--------+--------+-----+--------+

Top non-repeatable levels by time:
     D:2: 1700 daAuts
     D:1: 944 daAuts
     D:4: 794 daAuts
     D:5: 774 daAuts
     D:3: 656 daAuts
   Sewer: 266 daAuts
